AoeStats
← CrazyBen

Arena

507041732Analyzed
4v4 RM · 16d ago on Sep 16, 2026· 32m 36s· 8 players
Game mode
Random Map
Map size
Large (8 player)
Population
200
Speed
Normal
Resources
Standard
Victory
Conquest
Starting age
Dark Age
Ending age
Imperial Age
RankedLock teamsTeams togetherTeam positionsShared explorationLock speedFull tech treeHidden civsTurbo modeCheats
Victory
Defeat
🇬🇧 Khmer · United Kingdom
1481
+12
🇫🇷 Japanese · France
1448
+14
🇬🇧 Malians · United Kingdom
1358
+17
🇻🇳 Bulgarians · Vietnam
1328
+19
🇨🇳 Sicilians · China
1571
-22
🇨🇳 Romans · China
1394
-16
🇨🇳 Italians · China
1333
-13
🇯🇵 Poles · Japan
1282
-11
CrazyBen
11:13 Feudal Age
11:53 Double-Bit Axe
14:56 Castle Age
12:57 Horse Collar
15:53 Bow Saw
15:55 Heavy Plow
21:20 Loom
22:38 Wheelbarrow
21:58 Gold Mining
22:26 Stone Mining
24:14 Hand Cart
23:45 Town Watch
28:43 Imperial Age
26:16 Scale Mail Armor
26:07 Fletching
26:09 Guard Tower
26:40 Ballistics
26:50 Squires
26:57 Treadmill Crane
27:28 Masonry
27:15 Pikeman
28:25 Chain Mail Armor
28:06 Bodkin Arrow
28:32 Murder Holes
29:19 Yasama
29:17 Halberdier
30:38 Conscription
31:21 Plate Mail Armor
32:44 Kataparuto
33:10 Coinage
33:25 Keep
33:52 Chemistry
gytisrepsys
8:22 Loom
10:42 Feudal Age
15:42 Castle Age
13:58 Double-Bit Axe
16:38 Wheelbarrow
17:37 Fletching
20:09 Bodkin Arrow
26:02 Horse Collar
27:29 Gold Mining
27:41 Heavy Plow
31:26 Imperial Age
29:55 Bow Saw
31:17 Stone Mining
31:46 Hand Cart
LeMeow
10:33 Feudal Age
15:56 Castle Age
14:00 Double-Bit Axe
14:05 Loom
14:13 Horse Collar
14:46 Town Watch
16:00 Fletching
17:49 Bodkin Arrow
Catastrophic
10:30 Feudal Age
14:13 Castle Age
12:16 Horse Collar
12:21 Double-Bit Axe
17:30 Wheelbarrow
18:01 Bow Saw
21:06 Hand Cart
21:31 Heavy Plow
21:37 Gold Mining
22:48 Stone Mining
23:25 Loom
23:26 Town Watch
23:33 Town Watch
27:44 Imperial Age
26:39 Ballistics
27:36 Padded Archer Armor
28:40 Bloodlines
28:30 Husbandry
29:37 Chemistry
29:10 Double Crossbow
28:57 Elite Ballista Elephant
30:22 Stone Shaft Mining
31:53 Conscription
32:00 Conscription
32:55 Leather Archer Armor
32:51 Siege Engineers
XHK
10:26 Feudal Age
14:05 Castle Age
12:14 Horse Collar
13:06 Double-Bit Axe
15:36 Bow Saw
22:00 Gold Mining
23:00 Wheelbarrow
23:18 Scale Mail Armor
23:30 Forging
23:15 Loom
23:16 Town Watch
24:09 Hand Cart
24:31 Chain Mail Armor
25:19 Gold Shaft Mining
24:13 Man-at-Arms
24:55 Squires
24:58 Long Swordsman
26:44 Iron Casting
27:56 Stone Mining
30:57 Imperial Age
28:28 Town Patrol
28:49 Fletching
29:45 Scale Barding Armor
32:19 Comitatenses
32:22 Conscription
31:25 Elite Centurion
hirai
11:01 Feudal Age
14:36 Castle Age
12:45 Double-Bit Axe
13:18 Horse Collar
16:57 Heavy Plow
20:47 Wheelbarrow
20:54 Stone Mining
21:43 Bow Saw
22:55 Hand Cart
22:28 Loom
23:09 Gold Mining
24:15 Treadmill Crane
28:06 Imperial Age
26:19 Szlachta Privileges
26:57 Husbandry
27:07 Bloodlines
27:14 Forging
27:10 Scale Barding Armor
29:19 Chain Barding Armor
29:35 Iron Casting
28:22 Cavalier
28:52 Light Cavalry
31:25 Blast Furnace
31:15 Elite Obuch
31:19 Winged Hussar
32:30 Scale Mail Armor
32:21 Fletching
32:35 Squires
knife
11:19 Feudal Age
15:29 Castle Age
14:12 Double-Bit Axe
14:07 Horse Collar
15:25 Town Watch
17:44 Wheelbarrow
20:18 Loom
22:24 Fervor
25:29 Fletching
31:56 Imperial Age
32:10 Hand Cart
菜菜
3:08 Loom
9:37 Feudal Age
13:43 Castle Age
12:16 Double-Bit Axe
12:30 Horse Collar
14:47 Bow Saw
17:09 Loom
17:27 Loom
22:18 Wheelbarrow
Connection lost

Rejoining the realm…

Still unreachable

The connection could not be restored.

Session expired

The server has moved on; the page needs a fresh start.